 Dungeon Crawl Stone Soup version 0.19-a0-994-g3c636f0 (webtiles) character file.

3626 4thArraOfDagon the Summoner (level 9, -1/69 HPs)
             Began as a Demigod Summoner on July 16, 2016.
             Killed by Ozocubu's Refrigeration
             ... invoked by Fannar
              (16 damage)
             ... on level 10 of the Dungeon.
             The game lasted 00:33:20 (4557 turns).

4thArraOfDagon the Summoner (Demigod Summoner)      Turns: 4557, Time: 00:33:21

Health: -1/69      AC: 10    Str: 19    XL:     9   Next: 57%
Magic:  5/18       EV: 12    Int: 25    God:
Gold:   236        SH:  0    Dex: 16    Spells: 4 memorised, 4 levels left

rFire  . . .     SeeInvis +     C - +2 war axe (freeze)
rCold  . . .     Gourm    .     n - +1 leather armour "Cevoaw" {Str+5 Stlth+}
rNeg   . . .     Faith    .     (no shield)
rPois  .         Spirit   .     t - +0 helmet
rElec  .         Dismiss  .     U - +0 cloak
rCorr  .         Reflect  .     (no gloves)
SustAt +         Harm     .     m - +2 pair of boots
MR     .....                    (no amulet)
Stlth  +++.......               F - ring of see invisible
                                k - +3 ring of strength

@: not resistant to hostile enchantments, fairly stealthy
A: high mp 1, sustain attributes
a: no special abilities


You were on level 10 of the Dungeon.
You were not hungry.

You visited 1 branch of the dungeon, and saw 12 of its levels.

You collected 424 gold pieces.
You spent 188 gold pieces at shops.

Inventory:

Hand Weapons
 f - a +0 spear
 l - a +1 falchion of slicing
 C - a +2 war axe of freezing (weapon)
Armour
 a - a +0 robe
 i - a +0 ring mail
 m - a +2 pair of boots (worn)
 n - the +1 leather armour "Cevoaw" (worn) {Str+5 Stlth+}
   (You found it on level 10 of the Dungeon)

   It affects your strength (+5).
   It makes you more stealthy.
 o - a +2 ring mail of fire resistance
 t - a +0 helmet (worn)
 B - a +0 plate armour of fire resistance
 E - a +3 leather armour
 Q - a +2 robe
 U - a +0 cloak (worn)
Jewellery
 g - an uncursed ring of protection from fire
 k - a +3 ring of strength (left hand)
 F - a ring of see invisible (right hand)
Wands
 v - a wand of paralysis (10/24)
 D - a wand of lightning (1/15)
 K - a wand of lightning (0/15)
 N - a wand of random effects (23/48)
 P - a wand of teleportation (1/9)
Scrolls
 h - 2 scrolls of remove curse
 j - a scroll of fog
 p - a scroll of random uselessness {unknown}
 q - a scroll of amnesia {unknown}
 r - 2 scrolls of teleportation {unknown}
 s - a scroll of recharging {unknown}
 u - 2 scrolls of magic mapping {unknown}
 y - 2 scrolls of immolation {unknown}
 G - a scroll of brand weapon {unknown}
 H - a scroll of enchant weapon {unknown}
 I - a scroll of fear {unknown}
 J - a scroll of blinking
Potions
 e - a potion of berserk rage
 w - 2 potions of flight
 x - a potion of lignification
 z - 4 potions of brilliance
 A - a potion of cancellation
 T - a potion of agility
Books
 b - a book of Callings

   Spells                             Type                      Level
   a - Summon Small Mammal            Summoning                    1
   b - Call Imp                       Summoning                    2
   c - Call Canine Familiar           Summoning                    3
   d - Summon Guardian Golem          Hexes/Summoning              3
   e - Summon Lightning Spire         Summoning/Air                4
   f - Summon Ice Beast               Ice/Summoning                4
 M - an Akashic Record

   Spells                             Type                      Level
   a - Dispersal                      Translocation                6
   b - Malign Gateway                 Summoning/Translocation      7
   c - Disjunction                    Translocation                8
   d - Controlled Blink               Translocation                8
Comestibles
 c - 4 bread rations
 d - 2 beef jerkies
 L - 8 slices of pizza


   Skills:
 - Level 3.0 Fighting
 - Level 6.0 Armour
 - Level 1.7 Dodging
 - Level 1.7 Stealth
 - Level 4.0 Spellcasting
 * Level 10.8 Summonings


You had 4 spell levels left.
You knew the following spells:

 Your Spells              Type           Power        Failure   Level  Hunger
a - Summon Small Mammal   Summ           ####         1%          1    None
b - Call Canine Familiar  Summ           ######..     1%          3    ##.....
c - Summon Lightning Spi  Summ/Air       ####....     14%         4    ####...
d - Summon Ice Beast      Ice/Summ       ####....     14%         4    ####...


Dungeon Overview and Level Annotations

Branches:
Dungeon (12/15)            Temple (0/1) D:4
   Lair: D:8-11         Orc: D:9-12

Shops:
D:8 !*(

Annotations:
D:4 Pikel
D:5 Duvessa, Edmund
D:10 Fannar; happinesssam's ghost, novice DrGl


Innate Abilities, Weirdness & Mutations

You have an increased reservoir of magic. (+10% MP)
Your attributes are resistant to harm.


Message History

Fannar is lightly wounded.
Your lightning spire resists.
Your lightning spire is lightly damaged.
Your ice beast misses Fannar.
Unknown command.
Casting: Summon Lightning Spire
Confirm with . or Enter, or press ? or * to list all spells.
Fannar hits you with a quarterstaff of freezing.
* * * LOW HITPOINT WARNING * * *
Fannar freezes you.
* * * LOW HITPOINT WARNING * * *
Your lightning spire shoots out a bolt of lightning at Fannar!
The bolt of electricity misses Fannar.
Your ice beast hits Fannar.
Your ice beast freezes Fannar.
Fannar resists.
Unknown command.
You feel better.
Your wolf barely misses Fannar.
Fannar mumbles some strange words.
Fannar drains the heat from the surrounding environment!
You feel very cold.
You die...

#########........................
.................................
####.............................
# #.............................
# #.............................
#.............................
####..........................
#........h.##########......
#..(.....e@# #...... #........Y8#
#...... .......## #......
.......# #...... #.. .......+
#...... ##.... .......## #......
......+ ......... #...... ......#
......... ##.#####
......#####....... ...#


You could see Fannar, a friendly ice beast, a friendly wolf and a friendly
lightning spire.

Vanquished Creatures
  A two-headed ogre (D:8)
  A yak (D:11)
  A hippogriff (D:8)
  3 orc warriors
  2 phantoms
  2 ogres
  A centaur (D:7)
  A water moccasin zombie (D:8)
  2 killer bees (D:10)
  A howler monkey (D:5)
  2 crimson imps
  2 hounds
  4 orc wizards
  3 orc priests
  2 iguanas
  An adder (D:9)
  A gnoll (D:6)
  An adder zombie (D:7)
  An adder skeleton (D:8)
  A dart slug (D:3)
  A giant gecko (D:9)
  4 orcs
  A giant cockroach (D:4)
  2 goblins (D:3)
  3 hobgoblins
  2 jackals (D:5)
  A quokka (D:4)
  A ball python zombie (D:5)
  4 bats
  2 giant newts
  A kobold (D:3)
  A quokka skeleton (D:4)
  4 rats
60 creatures vanquished.

Vanquished Creatures (collateral kills)
  A hill giant (D:11)
  Psyche (D:8)
  A wraith (D:10)
  4 yaks (D:11)
  A hippogriff (D:10)
  2 water moccasins
  A black bear (D:9)
  2 orc warriors
  A phantom (D:7)
  An ice beast (D:7)
  A sky beast (D:5)
  2 centaurs
  An ogre (D:11)
  Blork the orc (D:5)
  3 giant frogs
  Dowan (D:5)
  A water moccasin skeleton (D:8)
  2 scorpions (D:4)
  6 killer bees
  A howler monkey (D:6)
  A crimson imp (D:7)
  A quasit (D:9)
  3 hounds
  3 jellies
  2 orc priests
  3 orc wizards
  2 iguanas
  2 worker ants
  A hound skeleton (D:4)
  6 gnolls
  6 adders
  A shadow imp (D:9)
  2 worms
  2 dart slugs
  2 giant geckos
  20 orcs
  A ball python (D:3)
  A giant cockroach (D:1)
  2 goblins (D:1)
  2 hobgoblins
  2 jackals (D:5)
  3 kobolds
  A quokka (D:4)
  3 bats
  A giant gecko skeleton (D:8)
  2 rats
109 creatures vanquished.

Vanquished Creatures (others)
  A gnoll sergeant (D:6)
  2 gnolls (D:6)
3 creatures vanquished.

Grand Total: 172 creatures vanquished

Notes
Turn   | Place    | Note
-------+----------+-------------------------------------------
     0 | D:1      | 4thArraOfDagon the Demigod Summoner began the quest for the Orb.
     0 | D:1      | Reached XP level 1. HP: 14/14 MP: 5/5
   134 | D:1      | Reached XP level 2. HP: 6/20 MP: 4/7
   255 | D:1      | Reached skill level 4 in Summonings
   388 | D:2      | Found a burning altar of Makhleb.
   529 | D:3      | Found a white marble altar of Elyvilon.
   530 | D:3      | Noticed a water moccasin
   553 | D:5      | Entered Level 5 of the Dungeon
   553 | D:5      | Noticed Duvessa
   553 | D:5      | Noticed Dowan
   564 | D:4      | Found an iron altar of Okawaru.
   571 | D:4      | Found an ancient bone altar of Kikubaaqudgha.
   573 | D:4      | Found a radiant altar of Vehumet.
   575 | D:4      | Noticed a scorpion
   607 | D:4      | Killed a scorpion
   607 | D:4      | Reached XP level 3. HP: 26/26 MP: 2/8
   612 | D:4      | Learned a level 3 spell: Call Canine Familiar
   622 | D:4      | Noticed Pikel
   622 | D:4      | Noticed a slave
   626 | D:4      | Noticed a slave
   729 | D:3      | Killed a water moccasin
   729 | D:3      | Reached skill level 5 in Summonings
   729 | D:3      | Reached XP level 4. HP: 5/33 MP: 0/9
   788 | D:3      | Found a stormy altar of Qazlal.
   907 | D:3      | Found a sacrificial altar of Ru.
  1453 | D:3      | Reached XP level 5. HP: 20/38 MP: 6/11
  1460 | D:3      | Learned a level 4 spell: Summon Lightning Spire
  1524 | D:4      | Reached skill level 6 in Summonings
  1670 | D:4      | Found a sparkling altar of Nemelex Xobeh.
  1787 | D:5      | Noticed Edmund
  1856 | D:4      | Found a staircase to the Ecumenical Temple.
  1857 | D:4      | Noticed an ogre
  1876 | D:4      | Killed an ogre
  1876 | D:4      | Reached XP level 6. HP: 45/45 MP: 1/13
  1918 | D:5      | Noticed Blork the orc
  1927 | D:5      | Killed Blork the orc
  2011 | D:5      | Reached skill level 7 in Summonings
  2120 | D:5      | Killed Dowan
  2399 | D:6      | Found a glowing silver altar of Zin.
  2433 | D:6      | Reached XP level 7. HP: 31/50 MP: 8/15
  2678 | D:6      | Learned a level 4 spell: Summon Ice Beast
  2827 | D:7      | Reached skill level 8 in Summonings
  2863 | D:7      | Noticed a steam dragon
  2951 | D:8      | Found Ciosin's General Store.
  2954 | D:8      | Bought 2 potions of brilliance for 112 gold pieces
  2954 | D:8      | Bought a scroll of identify for 28 gold pieces
  3073 | D:7      | Reached XP level 8. HP: 57/57 MP: 14/17
  3084 | D:7      | Reached skill level 9 in Summonings
  3142 | D:7      | Found a bloodstained altar of Trog.
  3280 | D:9      | timbw: hello
  3281 | D:9      | 4thArraOfDagon: hi
  3317 | D:9      | Reached skill level 10 in Summonings
  3426 | D:9      | Reached skill level 1 in Armour
  3576 | D:10     | Entered Level 10 of the Dungeon
  3576 | D:10     | Noticed Fannar
  3721 | D:8      | Found Xopsyr Rerpho's Distillery.
  3722 | D:8      | Noticed Psyche
  3738 | D:8      | Killed Psyche
  3741 | D:8      | Noticed a two-headed ogre
  3746 | D:8      | Killed a two-headed ogre
  3746 | D:8      | Reached XP level 9. HP: 37/62 MP: 12/18
  3758 | D:8      | Bought a potion of curing for 48 gold pieces
  3852 | D:8      | Found Qexkeviu's Antique Weapon Shoppe.
  3857 | D:8      | :(
  3937 | D:10     | Noticed happinesssam's ghost (novice DrGl)
  3992 | D:10     | Reached skill level 5 in Armour
  4105 | D:10     | Reached skill level 1 in Fighting
  4147 | D:10     | Got a jewelled leather armour
  4158 | D:10     | Identified the +1 leather armour "Cevoaw" {Str+5 Stlth+} (You found it on level 10 of the Dungeon)
  4158 | D:10     | :(
  4167 | D:10     | Found a bloodstained altar of Trog.
  4238 | D:10     | pedritolo: why are you always so sad? do you need a hug?
  4257 | D:11     | timbw: what
  4274 | D:11     | Noticed a hill giant
  4275 | D:11     | timbw: yes hug me :(
  4283 | D:11     | Killed a hill giant
  4416 | D:11     | Noticed a brown ugly thing
  4556 | D:10     | HP: 3/69 [Fannar/quarterstaff of freezing (3)]
  4557 | D:10     | Killed from afar by Fannar

Vault maps used:
D:1:      dpeg_arrival_round_a, st_stairs_12
D:2:      minitemple, lightli_temple_of_fire
D:3:      minmay_door_path, nicolae_ru_awakened_eye, elyvilon_altar_5,
          grunt_qazlal_sundering
D:4:      nemelex_xobeh_ov_fountains_minmay, grunt_temple_overflow_open,
          first_bread, uniq_pikel
D:5:      uniq_edmund, uniq_duvessa, uniq_crazy_yiuf_cottage, uniq_blork_the_orc
D:6:      kennysheep_mini_moat
D:7:      bloody_trog
D:8:      serial_shops, nicolae_shop_trees, nicolae_shop_behind_doors, shop,
          uniq_psyche
D:9:      lair_0_dummy, serial_shops, shop, grunt_pizzeria
D:10:     basic_altar, serial_bayou_pond_c, dk_vineyard_2, uniq_fannar
D:11:     david_orc_5, minmay_unpleasant_kobolds
D:12:     kennysheep_flooded_box, hangedman_glass_teeth

Skill      XL: |  1  2  3  4  5  6  7  8  9 |
---------------+----------------------------+-----
Spellcasting   | 2 3 4 |  4.0
Summonings     | 4 5 6 7 8 10 | 10.8
Armour         | 4 6 |  6.0
Fighting       | 3 |  3.0
Dodging        | |  1.7
Stealth        | |  1.7

Action                   |  1- 3 |  4- 6 |  7- 9 || total
-------------------------+-------+-------+-------++-------
Melee: Unarmed           |     7 |       |       ||     7
       Spear             |    13 |       |       ||    13
       Falchion          |    25 |    57 |       ||    82
       War axe           |       |    21 |   127 ||   148
Throw: Throwing net      |       |       |     6 ||     6
 Cast: Summon Small Mamm |    30 |    20 |       ||    50
       Call Canine Famil |     3 |    22 |    18 ||    43
       Summon Lightning  |       |     2 |    25 ||    27
       Summon Ice Beast  |       |       |     4 ||     4
Evoke: Wand              |       |       |     5 ||     5
  Use: Scroll            |     4 |     4 |     5 ||    13
       Potion            |     2 |     1 |     6 ||     9
 Stab: Sleeping          |     2 |       |     3 ||     5
       Distracted        |       |     2 |     5 ||     7
  Eat: Chunk             |       |     6 |    12 ||    18
       Beef jerky        |       |     1 |       ||     1
       Fruit             |       |       |     5 ||     5
Armor: Ring mail         |    17 |    32 |       ||    49
       Robe              |     1 |       |       ||     1
       Leather armour    |       |     3 |    64 ||    67
Dodge: Dodged            |    35 |    52 |    95 ||   182
